Unix NetHack Version 3.7.0-94 Work-in-progress - last build Dec 18 2023 00:11:04 (7e3deff068b9ef4f2ebb9a71ea0f5c4a3b578a14,branch:master). Game began 2023-12-27 07:32:30, ended 2023-12-27 07:37:47. Arasaka, chaotic female orcish Rogue ----------- ##...<......| # |.......... #### |.........| # ----------- ------ # |.@.f-## |..f.| +>...| ------ Arasaka the Cutpurse St:15 Dx:17 Co:15 In:10 Wi:9 Ch:10 Chaotic Dlvl:4 $:89 HP:0(25) Pw:9(9) AC:6 Xp:3/77 T:1318 Latest messages: Behemoth misses the iguana. You kill the iguana! Where do you want to travel to? (For instructions type a '?') You can't go down here. You can't go down here. Where do you want to travel to? (For instructions type a '?') You swap places with Behemoth. The iguana misses! You hit the iguana. The iguana bites! You hit the iguana. The iguana bites! You kill the iguana! You see here a Hawaiian shirt. A - a Hawaiian shirt. Where do you want to travel to? (For instructions type a '?') What do you want to take off? [cx or ?*] You finish taking off your suit. What do you want to drop? [$a-tvxyA or ?*] You drop a Hawaiian shirt. You stop. Behemoth is in the way! There is nothing here to pick up. You stop. Behemoth is in the way! There is nothing here to pick up. There is a doorway here. You see here a Hawaiian shirt. A - a Hawaiian shirt. What do you want to wear? [cA or ?*] You are now wearing a Hawaiian shirt. What do you want to take off? [xA or ?*] You were wearing a +0 Hawaiian shirt. What do you want to wear? [cA or ?*] You finish your dressing maneuver. You swap places with Behemoth. You descend the stairs. You find a hidden door. The door opens. The kitten bites! The kitten bites! The kitten bites! The kitten bites! B - a scroll of identify. Behemoth misses the kitten. The kitten bites! Behemoth misses the kitten. The kitten bites! You die... Inventory: Coins ('$') $ - 89 gold pieces Weapons (')') b - 8 uncursed +0 orcish daggers (at the ready) a - an uncursed +0 orcish short sword (weapon in right hand) Armor ('[') x - an uncursed +0 orcish helm (being worn) A - an uncursed +0 Hawaiian shirt with a flamingo motif c - an uncursed +1 leather armor (being worn) Comestibles ('%') h - 4 uncursed tacos i - 3 uncursed food rations k - an uncursed fortune cookie Scrolls ('?') B - an uncursed scroll of identify Potions ('!') s - an uncursed potion of booze l - 2 uncursed potions of extra healing p - an uncursed potion of full healing v - a blessed potion of hallucination y - an uncursed potion of object detection j - a cursed potion of see invisible d - an uncursed potion of sickness Rings ('=') q - an uncursed ring of invisibility Wands ('/') o - an uncursed wand of create monster (0:10) r - an uncursed wand of probing (0:2) Tools ('(') f - an empty uncursed sack t - an uncursed wooden flute g - an uncursed blindfold e - an uncursed lock pick Gems/Stones ('*') m - an uncursed worthless piece of black glass n - an uncursed worthless piece of yellow glass Arasaka the Rogue's attributes: Background: You were a Cutpurse, a level 3 female orcish Rogue. You were chaotic, on a mission for Kos who was opposed by Issek (lawful) and Mog (neutral). You were right-handed. You were in the Dungeons of Doom, on level 4. You entered the dungeon 1318 turns ago. There was a full moon in effect when your adventure ended. You had 77 experience points, 3 more were needed to attain level 4. Basics: You had 0 out of 25 hit points. You had all 9 energy points (spell power). Your armor class was 6. Your wallet contained 89 zorkmids. Autopickup was on for '$"?' plus thrown, with exceptions. Final Characteristics: Your strength was 15 (limit:18/50). Your dexterity was 17 (limit:18). Your constitution was 15 (limit:18). Your intelligence was 10 (limit:16). Your wisdom was 9 (limit:16). Your charisma was 10 (limit:16). Final Status: You weren't hungry. You were unencumbered. You were wielding a short sword. You had basic skill with short sword. Final Attributes: You were devoutly aligned. You were poison resistant. You were telepathic. You had infravision. You were stealthy. You were warded. You were lucky. You are dead. Miscellaneous: You disabled loading of bones levels. Total elapsed playing time was 5 minutes and 16 seconds. Major events: Turn 1: Arasaka the chaotic female orcish Rogue entered the dungeon 858: attained the rank of Cutpurse (level 3) 1318: killed by a kitten Vanquished creatures: a shrieker a floating eye 2 iguanas a gas spore a gnome 3 jackals 3 foxes a goblin a sewer rat 5 grid bugs 6 lichens 3 newts 28 creatures vanquished. No species were genocided or became extinct. Voluntary challenges: You read items or engraved 5 times. You never engraved Elbereth. You never genocided any monsters. You never polymorphed an object. You never changed form. You used no wishes. Achievements: You attained the rank of Cutpurse. You entered a shop. The Dungeons of Doom: levels 1 to 4 Level 1: Level 2: A fountain. Level 3: A scroll shop. Level 4: <- You were here. Final resting place for you, killed by a kitten. Game over: ---------- / \ / REST \ / IN \ / PEACE \ / \ | Arasaka | | 89 Au | | killed by a | | kitten | | | | | | 2023 | *| * * * | * _________)/\\_//(\/(/\)/\//\/|_)_______ Goodbye Arasaka the Rogue... You died in The Dungeons of Doom on dungeon level 4 with 559 points, and 89 pieces of gold, after 1318 moves. You were level 3 with a maximum of 25 hit points when you died.